 Dungeon Crawl Stone Soup version 0.22-a0-776-ge6d7efa (webtiles) character file.

5 Hebeh the Conjurer (level 1, -27/10 HPs)
             Began as a Deep Elf Conjurer on July 18, 2018.
             Killed from afar by a bat (36 damage)
             ... with an exploding inner flame
             ... hexed by the player character
             ... on level 1 of the Dungeon.
             The game lasted 00:01:24 (284 turns).

Hebeh the Conjurer (Deep Elf Conjurer)               Turns: 284, Time: 00:01:25

Health: -27/10     AC:  2    Str:  5    XL:     1   Next: 66%
Magic:  5/6        EV: 13    Int: 16    God:
Gold:   12         SH:  0    Dex: 15    Spells: 5/6 levels left

rFire    . . .     SeeInvis .   e - +0 hunting sling
rCold    . . .     Gourm    .   (no shield)
rNeg     . . .     Faith    .   a - +0 robe
rPois    .         Spirit   .   (no helmet)
rElec    .         Reflect  .   (no cloak)
rCorr    .         Harm     .   (no gloves)
MR       .....                  (no boots)
Stlth    ++........             (no amulet)
HPRegen  0.03/turn              d - -3 ring of intelligence (curse)
MPRegen  0.10/turn              (no ring)

@: no status effects
A: no striking features
a: no special abilities


You were on level 1 of the Dungeon.
You were not hungry.

You visited 1 branch of the dungeon, and saw 1 of its levels.

You collected 12 gold pieces.

Inventory:

Hand Weapons
 b - a +0 short sword
 e - a +0 hunting sling (weapon)
Missiles
 f - 12 stones (quivered)
Armour
 a - a +0 robe (worn)
Jewellery
 d - a cursed -3 ring of intelligence (left hand)
Scrolls
 h - a scroll of immolation
Comestibles
 c - a ration
 g - 4 chunks of flesh


   Skills:
 - Level 2.4 Dodging
 - Level 2.4 Stealth
 + Level 3.2 Spellcasting
 * Level 4.6 Conjurations


You had 5 spell levels left.
You knew the following spells:

 Your Spells              Type           Power        Failure   Level  Hunger
a - Magic Dart            Conj           ###.         2%          1    None

Your spell library contained the following spells:

 Spells                   Type           Power        Failure   Level  Hunger
 Iskenderun's Mystic Bla  Conj           ###.....     26%         4    ####...
 Fulminant Prism          Conj/Hex       ##........   56%         4    ####...
 Dazzling Spray           Conj/Hex       ##....       22%         3    ###....
 Force Lance              Conj/Tloc      ##......     56%         4    ####...
 Searing Ray              Conj           ###...       4%          2    ##.....


Dungeon Overview and Level Annotations

Branches:
Dungeon (1/15)

Altars:


Message History

The bat closely misses you. The bat hits you but does no damage.
The bat misses you.
You see here a stone.
The leopard gecko misses you. The bat hits you. The bat closely misses you.
The leopard gecko hisses menacingly.
The bat closely misses you. The bat misses you. x2
The bat closely misses you. x2; The bat hits you but does no damage.
Casting: Magic Dart (safe; 2% risk of failure)
Confirm with . or Enter, or press ? or * to list all spells.
Aiming: Magic Dart (safe; 2% risk of failure)
Press: ? - help, Shift-Dir - straight line, f - bat
Aim: a bat (inner flame)
The magic dart hits the bat.
The bat explodes!
The fiery explosion engulfs you!
Ouch! That really hurt!
You die...

.#####....###### .#
###### .# .# .#
.##################
............).....+
.................##
...##....#######@§#
##.##.##.# ##§##
#..##.##.# #lK#
#.....##.# ##.##
#..#####.##### #.(#
...#.........# ##'#
.#..#....###.#
#.........
#.#..###.## #
#.........
...#......#
#.$.......


You could see a leopard gecko (inner flame) and a kobold (inner flame).

Vanquished Creatures
  A goblin (D:1)
  A hobgoblin (D:1)
  A kobold (D:1)
  2 rats (D:1)
5 creatures vanquished.

Notes
Turn   | Place    | Note
-------+----------+-------------------------------------------
     0 | D:1      | Hebeh the Deep Elf Conjurer began the quest for the Orb.
     0 | D:1      | Reached XP level 1. HP: 10/10 MP: 6/6
   284 | D:1      | Killed from afar by a bat

Vault maps used:
D:1:      scummos_arrival_star, kennysheep_another_room

Action                   || total
-------------------------++-------
 Cast: Magic Dart        ||     6
  Use: Scroll            ||     2
Armor: Robe              ||     3
Dodge: Dodged            ||    10

Table legend:
 A = Spawn XP
 B = Non-spawn XP
 C = Spawn XP percentage of total XP
 D = Spawn monster count
 E = Non-spawn monster count
 F = Spawn count percentage of total count
 G = Total turns spent on level
                    A         B        C        D         E        F      G
               +---------+---------+-------+---------+---------+-------+---------
         Total |       0 |       8 |   0.0 |       0 |       5 |   0.0 |   284
               +---------+---------+-------+---------+---------+-------+---------
           D:1 |       0 |       8 |   0.0 |       0 |       5 |   0.0 |   284
               +---------+---------+-------+---------+---------+-------+---------
